 Dungeon Crawl Stone Soup version 0.30-a0-778-g2ef04afb54 (webtiles) character file.

Game seed: 4330921696357887226

49 NinjaNoafa the Poker (level 3, -2/29 HPs)
             Began as a Merfolk Monk on Feb 16, 2023.
             Slain by Terence
             ... wielding a +0 flail
              (8 damage)
             ... on level 3 of the Dungeon.
             The game lasted 00:04:47 (839 turns).

NinjaNoafa the Poker (Merfolk Monk)                  Turns: 839, Time: 00:04:47

Health: -2/29      AC:  5    Str: 11    XL:     3   Next: 77%
Magic:  3/3        EV: 13    Int: 11    God:
Gold:   110        SH:  0    Dex: 16    Spells: 2/2 levels left

rFire   + . .      SeeInvis .    a - +0 spear
rCold   . . .      Faith    .    (no shield)
rNeg    . . .      Spirit   .    k - +2 leather armour {rF+}
rPois   .          Reflect  .    (no helmet)
rElec   .          Harm     .    (no cloak)
rCorr   .          Rampage  .    (no gloves)
Will    .....                    (no boots)
Stlth   ++                       (no amulet)
HPRegen 0.24/turn                (no ring)
MPRegen 0.08/turn                (no ring)

@: no status effects
A: (nimble swimmer 2), mertail
a: no special abilities


You were on level 3 of the Dungeon.
You visited 1 branch of the dungeon, and saw 4 of its levels.

You collected 110 gold pieces.

Inventory:

Hand Weapons
 a - a +0 spear (weapon)
Armour
 k - a +2 leather armour of fire resistance (worn)
Jewellery
 l - a ring of ice
Scrolls
 d - 2 scrolls of teleportation
 e - a scroll of immolation
 f - a scroll of poison {unknown}
 j - a scroll of noise {unknown}
Potions
 g - a potion of might {unknown}
 h - a potion of heal wounds {unknown}
 i - a potion of curing


   Skills:
 + Level 3.6 Fighting
 - Level 5.3 Polearms
 - Level 4.0 Dodging
 - Level 3.1 Stealth


You had 2 spell levels left.
You didn't know any spells.
Your spell library was empty.

Dungeon Overview and Level Annotations

Branches:
Dungeon (4/15)
 Temple: D:4-7

Altars:

Annotations:
D:3 Terence


Innate Abilities, Weirdness & Mutations

((You are very nimble when in or above water. (Stealth+, EV+, Speed+++)))
Your lower body shifts to a powerful aquatic tail in water.


Message History

You hit Terence but do no damage.
Terence is lightly wounded.
You feel less invigorated.
You feel less confused. Terence hits you with a +0 flail.
You completely miss Terence.
Terence is lightly wounded.
Terence screams, "I want your blood!" Terence closely misses you.
You hit Terence but do no damage.
Terence is lightly wounded.
Terence closely misses you.
You hit Terence.
Terence is moderately wounded.
Terence closely misses you.
You closely miss Terence.
Terence is moderately wounded.
Terence hits you with a +0 flail.
You hit Terence.
Terence is moderately wounded.
You hit Terence but do no damage. You punch Terence.
Terence is heavily wounded.
Terence hits you with a +0 flail!
* * * LOW HITPOINT WARNING * * *
You hit Terence.
Terence is severely wounded.
Terence closely misses you.
You hit Terence but do no damage.
Terence is severely wounded.
Terence hits you with a +0 flail.
* * * LOW HITPOINT WARNING * * *
You barely miss Terence.
Terence is severely wounded.
Terence misses you.
You feel better. Terence hits you with a +0 flail.
* * * LOW HITPOINT WARNING * * *
You barely miss Terence.
Terence is severely wounded.
Terence hits you with a +0 flail!
You die...

##.# #.#
#.# #.#
#@# # #r#
.# #.#
##.#
#.####...#
#.†r@@.#
########


You could see Terence and a quokka.

Vanquished Creatures
  An adder (D:3)
  4 bats (D:1)
  5 endoplasms
  2 giant cockroaches (D:1)
  3 goblins
  5 hobgoblins
  2 jackals (D:1)
  4 kobolds
  5 ball pythons (D:1)
  3 frilled lizards
  2 rats
36 creatures vanquished.

Notes
Turn   | Place    | Note
-------+----------+-------------------------------------------
     0 | D:1      | NinjaNoafa the Merfolk Monk began the quest for the Orb.
     0 | D:1      | Reached XP level 1. HP: 18/18 MP: 1/1
    70 | D:1      | Reached XP level 2. HP: 17/24 MP: 2/2
   155 | D:1      | Reached skill level 5 in Polearms
   515 | D:1      | Reached XP level 3. HP: 28/29 MP: 3/3
   642 | D:2      | You fall into a shaft and drop 2 floors!
   733 | D:3      | Noticed Terence
   839 | D:3      | Slain by Terence

Illustrated notes

Levels and vault maps discovered:
D:1:      dpeg_arrival_tiny_j, layout_rooms
D:2:      layout_rooms, serial_aquarium, aquarium_bridge_square
          [aquarium_subvault_bridge, aquarium_subvault_balcony,
          aquarium_subvault_bridge, aquarium_subvault_wall], aquarium_window_1,
          aquarium_window_1, aquarium_window_1, aquarium_view_2c,
          aquarium_view_2c, dreamdust_wishing_well, minmay_misc_feat_diagonals,
          corexii_hall_statues_s
D:3:      layout_rooms, portal_sewer_entry_f, kennysheep_potato, uniq_terence
D:4:      layout_layer_cave, kennysheep_orc_sif_temple, uniq_grinder

Skill      XL: |  1  2  3 |
---------------+----------+-----
Polearms       | 5 |  5.3
Stealth        | 3 |  3.1
Fighting       | |  3.6
Dodging        | |  4.0

Action                     || total
---------------------------++-------
  Melee: Spear             ||   144
         Punch             ||     2
    Use: Scroll            ||     3
         Potion            ||     2
   Stab: Sleeping          ||     4
 Armour: Robe              ||    13
         Leather armour    ||    18
  Dodge: Dodged            ||    95

Table legend: (Time is in decaauts)
 A = Elapsed time spent in this place.
 B = Non-inter-level travel time spent in this place.
 C = Inter-level travel time spent in this place.
 D = Time resting spent in this place.
 E = Time spent auto-exploring this place.
 F = Levels seen in this place.
 G = Mean time per level.
                   A        B        C        D        E       F      G
               +--------+--------+--------+--------+--------+-----+--------+
         Total |    815 |    689 |    126 |      0 |     57 |   4 |  203.8 |
       Dungeon |    815 |    689 |    126 |      0 |     57 |   4 |  203.8 |
               +--------+--------+--------+--------+--------+-----+--------+

Top non-repeatable levels by time:
     D:1: 578 daAuts
     D:3: 132 daAuts
     D:4: 55 daAuts
     D:2: 49 daAuts
